 Dungeon Crawl Stone Soup version 0.24-a0-243-g8f5f5cd (webtiles) character file.

Game seed: 2263463380238116993

158 MatthieuS the Changer (level 5, -2/40 HPs)
             Began as a Merfolk Transmuter on Apr 9, 2019.
             Killed by divine providence
             ... invoked by an orc priest
              (14 damage)
             ... on level 3 of the Dungeon.
             The game lasted 00:09:04 (3584 turns).

MatthieuS the Changer (Merfolk Transmuter)          Turns: 3584, Time: 00:09:05

Health: -2/40      AC:  2    Str: 11    XL:     5   Next: 40%
Magic:  6/9        EV: 21    Int: 13    God:
Gold:   196        SH:  0    Dex: 19    Spells: 3/9 levels left

rFire    . . .     SeeInvis .     - Unarmed
rCold    . . .     Gourm    .   (shield currently unavailable)
rNeg     . . .     Faith    .   (armour currently unavailable)
rPois    x         Spirit   .   (helmet currently unavailable)
rElec    .         Reflect  .   (cloak currently unavailable)
rCorr    .         Harm     .   (gloves currently unavailable)
MR       .....                  (boots currently unavailable)
Stlth    ++........             (no amulet)
HPRegen  0.13/turn              (no ring)
MPRegen  0.11/turn              (no ring)

@: spider-form (expiring)
A: tiny, (change form in water), (swift swim), (stealthy swim)
a: End Transformation


You were on level 3 of the Dungeon.
You were not hungry.
You were a venomous arachnid creature.
You visited 1 branch of the dungeon, and saw 3 of its levels.

You collected 196 gold pieces.

Inventory:

Hand Weapons
 q - a cursed -2 short sword
   (You found it on level 3 of the Dungeon)
Missiles
 a - 14 arrows
 c - a throwing net (quivered) {!f}
Armour
 b - a +0 robe (melded)
 f - a +0 ring mail
   (You found it on level 1 of the Dungeon)
 j - a +0 helmet
   (You found it on level 1 of the Dungeon)
Magical Staves
 p - an uncursed staff of death
   (You found it on level 2 of the Dungeon)
Scrolls
 n - 2 scrolls of teleportation {@r4}
Potions
 d - a potion of ambrosia {unknown}
 i - a potion of brilliance {unknown}
 k - 2 potions of curing {@q1}
 m - a potion of magic {unknown}
 o - a potion of heal wounds {unknown}
Comestibles
 e - 6 rations


   Skills:
 + Level 2.8 Fighting
 - Level 2.6 Dodging
 + Level 4.2 Unarmed Combat
 + Level 2.9 Spellcasting
 + Level 4.3 Transmutations


You had 3 spell levels left.
You knew the following spells:

 Your Spells              Type           Power        Failure   Level  Hunger
a - Beastly Appendage     Tmut           ##....       12%         1    #......
b - Sticks to Snakes      Tmut           ##......     17%         2    ###....
x - Spider Form           Tmut/Pois      #.........   50%         3    ###....

Your spell library contained the following spells:

 Spells                   Type           Power        Failure   Level  Hunger
 Ice Form                 Ice/Tmut       #.......     85%         4    #####..
 Blade Hands              Tmut           ##........   87%         5    ######.


Dungeon Overview and Level Annotations

Branches:
Dungeon (3/15)

Altars:
Elyvilon
Fedhas


Message History

As you read the scroll labeled NALUSY SUZOING, it crumbles to dust.
The air around you briefly surges with heat, but it dissipates.
It was a scroll of immolation.
As you read the scroll labeled NISHYA IMESOIRPH, it crumbles to dust.
You feel aware of your surroundings.
It was a scroll of magic mapping.
As you read the scroll labeled PUM YBUMIUT, it crumbles to dust.
The scroll dissolves into smoke.
It was a scroll of fog.
An orc comes into view. It is wielding a -3 whip.
The orc shouts!
You hear a shout! x2
An orc is nearby!
You grow a pair of large bovine horns.
An orc comes into view.
The orc hits you with a cursed -3 whip.
You hit the orc. You headbutt the orc.
You kill the orc!
An orc comes into view. It is wielding a +0 dagger.
You barely miss the orc.
The orc shouts!
You headbutt the orc, but do no damage. The orc completely misses you.
You barely miss the orc.
An orc comes into view. It is wielding a +0 flail.
Your horns disappear.
You turn into a venomous arachnid creature.
Your +0 robe melds into your body.
The orc closely misses you.
You barely miss the orc. The orc hits you.
An orc priest comes into view.
The orc hits you but does no damage.
You hit the orc. The orc completely misses you. The orc misses you.
You hit the orc. The orc misses you.
The orc priest mumbles some strange prayers to Beogh against you.
Beogh smites you!
You completely miss the orc. The orc closely misses you.
You hit the orc but do no damage.
The orc is poisoned.
You kill the orc!
The orc priest invokes the aid of Beogh against you.
Beogh smites you!
* * * LOW HITPOINT WARNING * * *
The orc closely misses you. The orc misses you.
You hit the orc. The orc misses you. x2
You completely miss the orc priest.
The orc priest looks braver for a moment.
The orc barely misses you. The orc misses you.
Your transformation is almost over.
You hit the orc priest.
The orc priest is poisoned.
The orc priest misses you. The orc hits you with a +0 dagger.
* * * LOW HITPOINT WARNING * * *
You hit the orc priest. The orc priest misses you. The orc closely misses you.
The orc priest calls down the wrath of Beogh upon you.
Beogh smites you!
You die...

*,* *,* *,* *,* *,*
*,* ♣♣♣ #,*#####♣♣
♣♣♣.♣♣♣ #.##.....♣♣
♣♣.....♣♣
#.#..s.§..♣♣♣.......♣♣
#.oo.≈≈§...♣...≈≈≈...♣
#..o≈≈≈§≈§....≈≈≈≈≈...
#...≈≈♣≈§.§§..≈≈_≈≈...
##..≈≈≈≈≈...§.≈≈≈≈≈...
#...≈≈≈...♣...≈≈≈...♣
##.......♣♣♣.......♣♣
##.....♣♣ ♣♣.....♣♣
#####♣♣ ♣♣♣.♣♣♣


You could see an orc priest and 2 orcs.

Vanquished Creatures
  5 gnolls
  3 adders
  An ooze (D:1)
  A worm (D:2)
  3 dart slugs (D:1)
  3 leopard geckos
  2 orcs (D:3)
  2 ball pythons (D:1)
  2 bats
  6 giant cockroaches
  6 goblins
  4 hobgoblins
  A jackal (D:2)
  A frilled lizard (D:2)
  6 kobolds
  9 rats
55 creatures vanquished.

Vanquished Creatures (collateral kills)
  2 adders (D:2)
  2 worms (D:2)
  A hobgoblin (D:2)
5 creatures vanquished.

Grand Total: 60 creatures vanquished

Notes
Turn   | Place    | Note
-------+----------+-------------------------------------------
     0 | D:1      | MatthieuS the Merfolk Transmuter began the quest for the
                  | Orb.
     0 | D:1      | Reached XP level 1. HP: 15/15 MP: 3/3
    95 | D:1      | Reached XP level 2. HP: 21/21 MP: 5/5
   285 | D:1      | Reached XP level 3. HP: 27/27 MP: 6/6
   416 | D:1      | Learned a level 2 spell: Sticks to Snakes
   420 | D:1      | Learned a level 3 spell: Spider Form
  1597 | D:2      | Reached XP level 4. HP: 33/33 MP: 5/7
  1655 | D:2      | Found a faded altar of an unknown god.
  2941 | D:3      | Reached XP level 5. HP: 39/39 MP: 5/9
  2944 | D:3      | Found a blossoming altar of Fedhas.
  3288 | D:3      | Found a white marble altar of Elyvilon.
  3584 | D:3      | Killed from afar by an orc priest

Levels and vault maps discovered:
D:1:      minmay_arrival_shoal_huts, layout_basic, serial_park_tiny_1,
          minmay_misc_feat_rows, minmay_split_cup_large
D:2:      minmay_skewed_foursquare, layout_loops_ring,
          chequers_ecumenical_altar_simple
D:3:      minmay_recursive_quarters, layout_basic, fedhas_altar_fruit_tree,
          elyvilon_altar_3

Skill      XL: |  1  2  3  4 |
---------------+-------------+-----
Transmutations | 3 4 |  4.3
Fighting       | 2 |  2.8
Unarmed Combat | 4 |  4.2
Dodging        | |  2.6
Spellcasting   | |  2.9

Action                   |  1- 3 |  4- 6 || total
-------------------------+-------+-------++-------
Melee: Unarmed           |   123 |    95 ||   218
       Tailslap          |     5 |     1 ||     6
       Headbutt          |    12 |     5 ||    17
       Punch             |     1 |       ||     1
 Cast: Beastly Appendage |    16 |    10 ||    26
       Sticks to Snakes  |     3 |    13 ||    16
       Spider Form       |       |     3 ||     3
 Abil: End Transformatio |       |     1 ||     1
  Use: Scroll            |       |     7 ||     7
 Stab: Distracted        |       |     1 ||     1
  Eat: Chunk             |     3 |     4 ||     7
       Ration            |       |     1 ||     1
Armor: Robe              |    29 |     5 ||    34
       Skin              |       |     1 ||     1
Dodge: Dodged            |   121 |    74 ||   195

Table legend:
 A = Non-vault XP
 B = Vault XP
 C = Vault XP percentage of total XP
 D = Non-vault monster count
 E = Vault monster count
 F = Vault count percentage of total count
                 A         B        C        D         E       F
            +---------+---------+-------+---------+---------+-------
      Total |     201 |      26 |  11.5 |      53 |       7 |  11.7
            +---------+---------+-------+---------+---------+-------
        D:1 |      58 |      11 |  15.9 |      22 |       4 |  15.4
        D:2 |      64 |      15 |  19.0 |      21 |       3 |  12.5
        D:3 |      79 |       0 |   0.0 |      10 |       0 |   0.0
            +---------+---------+-------+---------+---------+-------
